 Dungeon Crawl Stone Soup version 0.22-a0-86-g94e0ad4 (webtiles) character file.

8290 KristoblXynda the Grappler (level 11, -1/115 HPs)
             Began as a Black Draconian Monk on Jan 21, 2018.
             Was an Elder of Hepliaklqana.
             Slain by a yak (10 damage)
             ... on level 10 of the Dungeon.
             The game lasted 00:23:41 (10710 turns).

KristoblXynda the Grappler (Black Draconian Monk)  Turns: 10710, Time: 00:23:42

Health: -1/115     AC:  8    Str: 20    XL:     11   Next: 8%
Magic:  17/17      EV: 17    Int: 12    God:    Hepliaklqana [****..]
Gold:   552        SH:  0    Dex: 14    Spells: 7/10 levels left

rFire    . . .     SeeInvis +     - Unarmed
rCold    . . .     Gourm    .   (no shield)
rNeg     + . .     Faith    .   (armour unavailable)
rPois    .         Spirit   .   (helmet restricted)
rElec    +         Reflect  .   (no cloak)
rCorr    .         Harm     .   t - +0 pair of gloves
MR       .....                  (no boots)
Stlth    ..........             (no amulet)
HPRegen  0.29/turn              i - ring of see invisible
MPRegen  0.15/turn              n - ring of positive energy

@: berserking (expiring), very quick
A: breathe lightning, unfitting armour, reduced essence, electricity resistance,
cold-blooded, AC +7
a: Breathe Lightning, Recall Ancestor, Ancestor Identity, Transference,
Idealise, Renounce Religion


You were on level 10 of the Dungeon.
You worshipped Hepliaklqana.
Hepliaklqana was greatly pleased with you.
You were not hungry.

You visited 2 branches of the dungeon, and saw 11 of its levels.

You collected 552 gold pieces.

Inventory:

Missiles
 v - a throwing net (quivered)
Armour
 t - a +0 pair of gloves (worn)
Jewellery
 i - a ring of see invisible (left hand)
 n - a ring of positive energy (right hand)
Wands
 s - a wand of iceblast (13)
 u - a wand of enslavement (10)
 x - a wand of random effects (16)
 y - a wand of acid (6)
Scrolls
 d - 2 scrolls of identify
 e - 8 scrolls of remove curse
 g - 2 scrolls of enchant weapon
 h - a scroll of immolation {unknown}
 j - a scroll of teleportation
 k - 5 scrolls of amnesia
 m - 3 scrolls of fog
 o - a scroll of fear
 p - a scroll of enchant armour {unknown}
 q - a scroll of holy word {unknown}
 r - a scroll of magic mapping
Potions
 b - 3 potions of brilliance
 f - a potion of resistance
 w - a potion of magic
 z - a potion of curing {unknown}
 B - a potion of lignification
 D - a potion of heal wounds
Books
 l - a book of Misfortune

   Spells                             Type                      Level
   a - Confusing Touch                Hexes                        1
   b - Confuse                        Hexes                        3
   c - Gell's Gravitas                Translocation                3
   d - Petrify                        Transmutation/Earth          4
   e - Metabolic Englaciation         Hexes/Ice                    5
   f - Yara's Violent Unravelling     Hexes/Transmutation          5
 C - a book of Conjurations

   Spells                             Type                      Level
   a - Magic Dart                     Conjuration                  1
   b - Searing Ray                    Conjuration                  2
   c - Dazzling Spray                 Conjuration/Hexes            3
   d - Fulminant Prism                Conjuration/Hexes            4
   e - Force Lance                    Conjuration/Translocation    4
   f - Iskenderun's Mystic Blast      Conjuration                  4
Comestibles
 a - 11 rations


   Skills:
 - Level 5.0 Fighting
 + Level 8.5 Dodging
 + Level 9.0 Stealth
 + Level 9.3 Unarmed Combat
 + Level 8.0 Invocations


You had 7 spell levels left.
You knew the following spells:

 Your Spells              Type           Power        Failure   Level  Hunger
a - Confuse               Hex            #.......     69%         3    ####...


Dungeon Overview and Level Annotations

Branches:
Dungeon (10/15)            Temple (1/1) D:4
   Lair: D:8-11         Orc: D:9-12

Altars:
Ashenzari
Dithmenos
Elyvilon
Hepliaklqana
Kikubaaqudgha
Makhleb
Nemelex Xobeh
Ru
Trog
Vehumet
Xom

Shops:
D:5 ?   D:9 %

Annotations:
D:7 1 runed door


Innate Abilities, Weirdness & Mutations

You can breathe wild blasts of lightning.
Your glossy black scales are hard. (AC +7)
You cannot fit into any form of body armour.
You are resistant to electric shocks. (rElec)
You are cold-blooded and may be slowed by cold attacks.
Your life essence is reduced to manifest your ancestor. (-10% HP)


Message History

Chakide casts a spell at the yak.
The yak seems to slow down.
The yak completely misses you.
You punch the yak!
You kill the yak!
You punch the yak!
The yak is lightly wounded.
The yak barely misses you.
You pummel the yak!!
The yak is severely wounded.
You barely miss the yak.
The yak is severely wounded.
The yak gores you!!
* * * LOW HITPOINT WARNING * * *
You closely miss the yak.
The yak is severely wounded.
You barely miss the yak.
Your tail-slap misses the yak.
The yak is severely wounded.
Chakide hits the yak with a dagger of draining.
Chakide drains the yak!
The yak gores you!
You die...

#.....#
##.....+
#.Y....#
#.R....#
#......#
#.....#
##$....#
#......#
#.@Y...#
####...#
#####


You could see the friendly Chakide the hexer and 2 yaks.

Vanquished Creatures
  3 two-headed ogres
  The ghost of KristoblXynda the Charlatan, a novice DrAr of Ashenzari (D:6)
  2 hippogriffs (D:7)
  7 yaks
  A hungry ghost (D:7)
  2 steam dragons (D:9)
  2 soldier ants (D:7)
  2 orc warriors
  An ice beast (D:7)
  2 phantoms
  4 ogres
  A centaur (D:9)
  4 bullfrogs
  A gnoll sergeant (D:8)
  2 scorpions (D:7)
  A water moccasin skeleton (D:7)
  4 wights
  2 howler monkeys (D:7)
  A crimson imp (D:6)
  2 jellies
  A hound (D:4)
  6 orc priests
  4 orc wizards
  Terence (D:2)
  Natasha (thrice) (D:2)
  5 iguanas
  3 worker ants
  A killer bee zombie (D:5)
  2 hound zombies
  8 gnolls
  8 adders
  3 shadow imps
  4 oozes
  An adder skeleton (D:4)
  An adder zombie (D:9)
  6 worms
  3 leopard geckos
  13 orcs
  10 giant cockroaches
  10 goblins
  6 hobgoblins
  15 jackals
  2 quokkas
  2 ball pythons
  5 bats
  6 frilled lizards
  10 kobolds
  A leopard gecko skeleton (D:4)
  6 rats
191 creatures vanquished.

Vanquished Creatures (collateral kills)
  Prince Ribbit (D:8)
  A wyvern (D:9)
  A yak (D:9)
  A sky beast (D:6)
  A phantom (D:6)
  The ghost of wvc the Cutter, an amateur NaWn (D:4)
  An ice beast (D:7)
  3 ogres
  2 bullfrogs
  A killer bee (D:7)
  2 wights (D:9)
  A crimson imp (D:4)
  A hound (D:8)
  2 orc wizards
  A bullfrog skeleton (D:4)
  3 worker ants
  A hound skeleton (D:9)
  4 gnolls
  2 adders (D:9)
  A leopard gecko (D:8)
  4 orcs
  2 giant cockroaches
  2 jackals
39 creatures vanquished.

Vanquished Creatures (others)
  A yak (D:10)
  A soldier ant (D:7)
  A necrophage (D:9)
  A scorpion (D:7)
  10 hexers
14 creatures vanquished.

Grand Total: 244 creatures vanquished

Notes
Turn   | Place    | Note
-------+----------+-------------------------------------------
     0 | D:1      | KristoblXynda the Draconian Monk began the quest for the Orb.
     0 | D:1      | Reached XP level 1. HP: 19/19 MP: 1/1
   175 | D:1      | Reached XP level 2. HP: 14/26 MP: 2/2
   946 | D:2      | Noticed Terence
   971 | D:2      | Killed Terence
   971 | D:2      | Reached XP level 3. HP: 27/33 MP: 3/3
  1267 | D:2      | Noticed Natasha
  1282 | D:2      | Killed Natasha
  1282 | D:2      | Reached XP level 4. HP: 9/40 MP: 4/4
  1336 | D:2      | Noticed Natasha
  1341 | D:2      | HP: 2/40 [Natasha (3)]
  1350 | D:2      | Killed Natasha
  1421 | D:2      | Found a shimmering altar of Xom.
  1586 | D:2      | Found a shadowy altar of Dithmenos.
  1733 | D:2      | Noticed Natasha
  1753 | D:2      | Killed Natasha
  1753 | D:2      | Reached XP level 5. HP: 30/46 MP: 5/5
  2636 | D:3      | Reached XP level 6. HP: 44/53 MP: 6/6
  2918 | D:3      | Learned a level 3 spell: Confuse
  3081 | D:4      | Noticed an orc warrior
  3095 | D:4      | Noticed wvc's ghost (amateur NaWn)
  3485 | D:4      | Found a hazy altar of Hepliaklqana.
  3510 | D:4      | Reached skill level 5 in Fighting
  3649 | D:4      | Became a worshipper of Hepliaklqana the Forgotten
  3649 | D:4      | Reached * piety under Hepliaklqana
  3649 | D:4      | Reached ** piety under Hepliaklqana
  3715 | D:4      | Remembered your ancestor Chakide as a hexer
  3726 | D:4      | Found a shattered altar of Ashenzari.
  3794 | D:4      | Killed an orc warrior
  3797 | D:4      | Your scales start taking on a glossy black colour.
  3797 | D:4      | Reached XP level 7. HP: 54/54 MP: 7/7
  3797 | D:4      | Gained mutation: You are resistant to electric shocks. (rElec) [Black Draconian growth]
  3861 | D:4      | Killed wvc's ghost
  3861 | D:4      | Reached skill level 5 in Unarmed Combat
  4090 | D:4      | Found a staircase to the Ecumenical Temple.
  4150 | D:4      | Found a radiant altar of Vehumet.
  4151 | D:4      | Found a burning altar of Makhleb.
  4236 | Temple   | Entered the Ecumenical Temple
  4280 | D:5      | Entered Level 5 of the Dungeon
  4372 | D:5      | Reached skill level 5 in Dodging
  4442 | D:5      | Found Dira's Magic Scroll Shop.
  4872 | D:6      | Reached skill level 5 in Stealth
  4872 | D:6      | Reached skill level 1 in Invocations
  4875 | D:6      | Reached XP level 8. HP: 45/61 MP: 7/9
  5268 | D:6      | Noticed KristoblXynda's ghost (novice DrAr)
  5292 | D:6      | Killed KristoblXynda's ghost
  5316 | D:6      | Reached *** piety under Hepliaklqana
  5506 | D:7      | Found a sparkling altar of Nemelex Xobeh.
  5604 | D:7      | Reached XP level 9. HP: 47/66 MP: 12/12
  6359 | D:7      | Reached skill level 5 in Invocations
  6448 | D:7      | Found a runed door.
  6583 | D:7      | Found a runed door.
  6647 | D:7      | HP: 2/66 [scorpion (8)]
  7574 | D:8      | Found a sacrificial altar of Ru.
  7587 | D:8      | Reached **** piety under Hepliaklqana
  7600 | D:8      | Noticed a two-headed ogre
  7616 | D:8      | Killed a two-headed ogre
  7616 | D:8      | Reached XP level 10. HP: 41/72 MP: 14/14
  7773 | D:8      | Noticed a moth of wrath
  7775 | D:8      | Found a bloodstained altar of Trog.
  8132 | D:8      | Noticed Prince Ribbit
  8151 | D:8      | Killed Prince Ribbit
  8443 | D:8      | Found an ancient bone altar of Kikubaaqudgha.
  8635 | D:8      | Noticed a two-headed ogre
  8647 | D:8      | Killed a two-headed ogre
  8836 | D:9      | Noticed a two-headed ogre
  9414 | D:9      | Killed a two-headed ogre
  9540 | D:9      | HP: 3/72 [yak (17)]
  9543 | D:9      | Found Xiup's Food Emporium.
  9555 | D:9      | HP: 3/72 [yak (4)]
 10184 | D:9      | Reached XP level 11. HP: 38/77 MP: 16/16
 10579 | D:9      | Found a white marble altar of Elyvilon.
 10681 | D:10     | Entered Level 10 of the Dungeon
 10710 | D:10     | Slain by a yak

Vault maps used:
D:1:      elethiomel_arrival_infinity_welcomes_careful_drivers, glass_columns_a,
          minmay_misc_feat_square
D:2:      xom_teletrap_fun, lemuel_doored_altar,
          hangedman_abyss_or_decor_lesser_grid, uniq_terence, uniq_natasha
D:4:      grunt_temple_overflow_lords_of_destruction, marbit_many_paths,
          old_standard_altar, minmay_temple_entry_nine_rooms, first_ration,
          minmay_vboxes
D:5:      serial_shops, kennysheep_little_box
D:7:      lemuel_insect_pit, lemuel_crystal_altar
D:8:      tgw_trog, kiku_gazebo_pond_becter, old_standard_altar,
          uniq_prince_ribbit1
D:9:      cheibrodos_steamvent, nicolae_overflow_hidden_temple, serial_shops,
          nicolae_shop_temple_entry_statues_fountains, elyvilon_altar_4
D:10:     serial_shops, shop
Temple:   jpeg_temple_island

Skill      XL: |  1  2  3  4  5  6  7  8  9 10 11 |
---------------+----------------------------------+-----
Stealth        | 2 3 4 5 6 7 8 9 |  9.0
Dodging        | 3 4 5 6 7 8 |  8.5
Fighting       | 4 5 |  5.0
Unarmed Combat | 4 5 6 8 9 |  9.3
Invocations    | 1 4 6 7 8 |  8.0

Action                   |  1- 3 |  4- 6 |  7- 9 | 10-12 || total
-------------------------+-------+-------+-------+-------++-------
Melee: Unarmed           |   138 |   205 |   439 |   238 ||  1020
       Tailslap          |    14 |    25 |    66 |    30 ||   135
       Punch             |     1 |     3 |    12 |     8 ||    24
Invok: Ancestor Life: He |       |     1 |       |       ||     1
 Abil: Breathe Lightning |       |       |     3 |     1 ||     4
Evoke: Wand              |       |       |     7 |     5 ||    12
  Use: Potion            |       |     3 |     4 |     1 ||     8
       Scroll            |       |     4 |     6 |     7 ||    17
 Stab: Sleeping          |       |     3 |    10 |     4 ||    17
       Distracted        |       |       |     3 |     7 ||    10
       Confused          |       |       |     4 |       ||     4
  Eat: Chunk             |     1 |     5 |    10 |     3 ||    19
       Ration            |       |     1 |     1 |     3 ||     5
Armor: Skin              |    46 |    59 |    88 |    44 ||   237
Dodge: Dodged            |   136 |   131 |   286 |   178 ||   731

Table legend:
 A = Spawn XP
 B = Non-spawn XP
 C = Spawn XP percentage of total XP
 D = Spawn monster count
 E = Non-spawn monster count
 F = Spawn count percentage of total count
 G = Total turns spent on level
                    A         B        C        D         E        F      G
               +---------+---------+-------+---------+---------+-------+---------
         Total |       0 |   11844 |   0.0 |       0 |     232 |   0.0 | 10710
               +---------+---------+-------+---------+---------+-------+---------
           D:1 |       0 |      24 |   0.0 |       0 |      14 |   0.0 |   930
           D:2 |       0 |     179 |   0.0 |       0 |      19 |   0.0 |   882
           D:3 |       0 |     207 |   0.0 |       0 |      35 |   0.0 |  1269
           D:4 |       0 |     763 |   0.0 |       0 |      23 |   0.0 |  1197
           D:5 |       0 |     106 |   0.0 |       0 |       8 |   0.0 |   479
           D:6 |       0 |    1135 |   0.0 |       0 |      18 |   0.0 |   747
           D:7 |       0 |    2868 |   0.0 |       0 |      54 |   0.0 |  1995
           D:8 |       0 |    2632 |   0.0 |       0 |      27 |   0.0 |  1594
           D:9 |       0 |    3516 |   0.0 |       0 |      32 |   0.0 |  1586
          D:10 |       0 |     414 |   0.0 |       0 |       2 |   0.0 |    29
               +---------+---------+-------+---------+---------+-------+---------
